 Dungeon Crawl Stone Soup version 0.27.0-66-gdc8fb28755 (webtiles) character file.

Game seed: 17185965150133501758

39 loansindi the Grave Robber (level 3, -2/24 HPs)
             Began as a Human Necromancer on Aug 19, 2021.
             Slain by an adder (3 damage)
             ... on level 3 of the Dungeon.
             The game lasted 00:05:03 (2071 turns).

loansindi the Grave Robber (Human Necromancer)      Turns: 2071, Time: 00:05:04

Health: -2/24      AC:  2    Str:  8    XL:     3   Next: 67%
Magic:  1/6        EV: 12    Int: 16    God:
Gold:   29         SH:  0    Dex: 13    Spells: 5/7 levels left

rFire    . . .     SeeInvis .   b - +0 short sword
rCold    . . .     Faith    .   (no shield)
rNeg     . . .     Spirit   .   a - +0 robe
rPois    .         Reflect  .   (no helmet)
rElec    .         Harm     .   (no cloak)
rCorr    .         Rampage  .   (no gloves)
Will     .....                  (no boots)
Stlth    ++........             (no amulet)
HPRegen  0.08/turn              (no ring)
MPRegen  0.10/turn              (no ring)

@: no status effects
A: no striking features
a: no special abilities


You were on level 3 of the Dungeon.
You visited 1 branch of the dungeon, and saw 3 of its levels.

You collected 29 gold pieces.

Inventory:

Hand Weapons
 b - a +0 short sword (weapon)
 c - a +0 longbow
Armour
 a - a +0 robe (worn)
 d - a +0 chain mail
 e - a +0 helmet
Scrolls
 g - 2 scrolls of identify {unknown}
 h - a scroll of magic mapping {unknown}
 i - 2 scrolls of summoning {unknown}
 j - a scroll of noise {unknown}
Potions
 f - a potion of curing {unknown}
 k - a potion of brilliance {unknown}


   Skills:
 + Level 0.2 Short Blades
 + Level 2.1 Dodging
 + Level 2.2 Stealth
 + Level 0.2 Unarmed Combat
 + Level 2.6 Spellcasting
 + Level 4.5 Necromancy


You had 5 spell levels left.
You knew the following spells:

 Your Spells              Type           Power      Damage    Failure   Level
a - Pain                  Necr           64%        1d7       3%          1
b - Animate Skeleton      Necr           32%        N/A       3%          1

Your spell library contained the following spells:

 Spells                   Type           Power      Damage    Failure   Level
 Vampiric Draining        Necr           8%         2d7       9%          3
 Animate Dead             Necr           8%         N/A       30%         4
 Agony                    Necr           16%        N/A       63%         5


Dungeon Overview and Level Annotations

Branches:
Dungeon (3/15)

Altars:

Shops:
D:2 [


Message History

The kobold throws a stone.
The stone hits you but does no damage.
The kobold throws a stone.
The stone barely misses you.
The kobold throws a stone.
The stone closely misses you.
Found a stone staircase leading up.
An adder comes into view.
The jackal writhes in agony.
You kill the jackal!
The adder hisses angrily.
The kobold throws a stone.
The stone hits you. The adder barely misses you.
The adder writhes in agony.
The adder closely misses you. The adder bites you.
You are poisoned.
The adder poisons you!
You feel sick.
You feel sick.
You feel sick.
You feel sick.
You are no longer poisoned.
The adder bites you.
* * * LOW HITPOINT WARNING * * *
The adder barely misses you.
There is a stone staircase leading down here.
The adder misses you.
You climb downwards.
There is a stone staircase leading up here.
You are too injured to fight recklessly!
You hit the adder.
The adder is severely wounded.
The adder closely misses you. The adder bites you.
* * * LOW HITPOINT WARNING * * *
You hit the adder.
The adder is almost dead.
The adder misses you.
You barely miss the adder.
The adder is almost dead.
The adder barely misses you.
You barely miss the adder.
The adder is almost dead.
The adder barely misses you. The adder bites you.
You die...

...
..#
#.#
#.#
##.##
...
#S#
#@#
#.#
#..
..##
###


You could see an adder.

Vanquished Creatures
  A worm (D:2)
  2 dart slugs
  A bat (D:1)
  An endoplasm (D:2)
  A giant cockroach (D:1)
  A goblin (D:2)
  3 hobgoblins
  4 jackals (D:2)
  3 quokkas
  2 ball pythons
  A frilled lizard (D:1)
  6 kobolds
  3 rats (D:1)
29 creatures vanquished.

Notes
Turn   | Place    | Note
-------+----------+-------------------------------------------
     0 | D:1      | loansindi the Human Necromancer began the quest for the
                  | Orb.
     0 | D:1      | Reached XP level 1. HP: 13/13 MP: 3/3
    40 | D:1      | Learned a level 1 spell: Animate Skeleton
   434 | D:1      | Reached XP level 2. HP: 18/19 MP: 3/5
  1185 | D:1      | Found a faded altar of an unknown god.
  1350 | D:2      | Reached XP level 3. HP: 23/24 MP: 4/6
  1954 | D:2      | Found Saone's Antique Armour Shop.
  2068 | D:3      | HP: 1/24 [adder (2)]
  2071 | D:3      | Slain by an adder

Illustrated notes

Levels and vault maps discovered:
D:1:      ncdulo_halloftheorcs, layout_basic, ebering_ecumenical_altar_rust,
          minmay_curled_crystal
D:2:      layout_basic, serial_shops, shop
D:3:      layout_loops_ring, lemuel_round_altar, serial_bayou_pond_a,
          kennysheep_potato

Action                   || total
-------------------------++-------
Melee: Unarmed           ||    13
       Short sword       ||    14
 Cast: Pain              ||    56
       Animate Skeleton  ||     9
Armor: Robe              ||     9
Dodge: Dodged            ||    27
